Map: Site Delta LE

Players

dopehat

  • Race: Zerg Zerg
  • League: Platinum
  • Spawn Location: 5:00

Subwayeatn - Winner!

  • Race: Zerg Zerg
  • League: Platinum
  • Spawn Location: 11:00

VOD

Have the link to the VOD?

Description

Time

  • Played on: Nov. 10, 2023, 6:13 p.m.
  • Length: 10:19
Show
View Real Time Build Order
Export as new Build Order

dopehat Zerg 

Build Orders: Pool First, Zergling Baneling 

Get SALT Encoding   

  12  0:03  Drone  
  13  0:12  Overlord  
  13  0:16  Drone  
  14  0:31  Drone x2  
  16  0:43  Spawning Pool  
  16  0:45  Drone  
  16  0:50  Drone, Extractor  
  16  1:26  Hatchery  
  15  1:35  Queen  
  17  1:44  Zergling x6  
  20  1:52  Baneling Nest  
  19  1:59  Overlord  
  19  2:20  Zergling x4  
  21  2:37  Baneling x3  
  21  2:38  Baneling x2  
  21  2:43  Baneling  
  20  2:59  Zergling x10  
  21  3:23  Zergling x10  
  21  3:24  Zergling x4  
  28  3:36  Overlord  
  26  3:43  Queen  
  27  3:48  Baneling  
  27  3:49  Baneling x3  
  27  4:02  Zergling x8  
  23  4:26  Baneling x3  
  23  4:29  Zergling x4  
  23  4:30  Zergling x4  
  23  4:49  Baneling x2  
  23  4:50  Drone x4  
  27  5:15  Drone x3, Roach Warren  
  29  5:28  Overlord x2  
  29  5:42  Drone x4  
  33  5:43  Drone  
  34  5:53  Lair  
  34  6:07  Drone x5  
  39  6:25  Overlord x4  
  39  6:32  Spore Crawler  
  38  6:35  Spore Crawler  
  38  6:38  Extractor  
  36  6:46  Spore Crawler  
  35  6:54  Hydralisk Den  
  35  6:56  Drone x6  
  40  7:10  Roach x3  
  46  7:20  Roach  
  48  7:49  Hydralisk x2, Hatchery  
  51  7:54  Extractor  
  51  7:55  Hatchery  
  51  7:57  Drone x6  
  51  7:58  Drone  
  56  7:59  Extractor  
  56  8:00  Drone  
  56  8:09  Baneling x2  
  56  8:10  Baneling  
  56  8:13  Drone x4  
  60  8:36  Hatchery  
  58  8:50  Roach x6  
  58  8:51  Roach  
  72  9:24  Zergling x8  
  69  9:39  Hydralisk x3  
  69  9:42  Overlord x4  
  75  9:51  Roach x2  
  79  10:04  Drone x3  
  79  10:05  Drone x3  
Show
View Real Time Build Order
Export as new Build Order

Subwayeatn Zerg - Winner!

Build Orders: Pool First 

Get SALT Encoding   

  12  0:00  Drone  
  13  0:08  Drone  
  14  0:14  Extractor  
  13  0:29  Spawning Pool  
  12  0:57  Hatchery  
  11  1:16  Queen  
  13  1:19  Zergling x2  
  14  1:31  Metabolic Boost  
  14  1:40  Overlord  
  14  1:59  Zergling x6  
  17  2:10  Zergling x4  
  19  2:17  Queen  
  21  2:24  Zergling x2  
  22  2:35  Zergling x4  
  22  2:36  Zergling x2  
  25  2:42  Zergling x2  
  19  3:10  Zergling x12  
  21  3:30  Zergling x8  
  21  3:33  Zergling x2  
  26  3:36  Zergling x2  
  26  3:46  Overlord  
  21  4:04  Zergling x4  
  21  4:05  Zergling x4  
  22  4:35  Drone x6  
  22  4:51  Drone x2  
  24  5:03  Drone x2  
  24  5:04  Evolution Chamber  
  25  5:16  Roach Warren  
  24  5:22  Evolution Chamber  
  24  5:27  Drone x2  
  25  5:29  Spine Crawler  
  25  5:32  Drone  
  25  5:35  Drone  
  26  5:40  Drone  
  27  5:50  Drone x3  
  27  5:55  Drone  
  27  5:56  Drone  
  32  6:00  Drone  
  33  6:05  Overlord  
  33  6:11  Drone x2  
  35  6:18  Drone  
  36  6:26  Drone x5  
  36  6:29  Overlord  
  41  6:33  Overlord  
  41  6:37  Zerg Missile Weapons Level 1  
  41  6:43  Zerg Ground Armor Level 1  
  41  6:51  Drone  
  41  6:52  Drone x3, Extractor  
  44  7:08  Overlord  
  44  7:18  Lair  
  44  7:20  Drone  
  44  7:21  Drone x2  
  44  7:22  Extractor  
  46  7:29  Overlord  
  46  7:35  Drone  
  47  7:46  Zergling x6  
  47  7:47  Zergling x2  
  51  7:55  Zergling x4  
  51  7:56  Zergling x2  
  54  8:02  Overlord  
  54  8:03  Hatchery  
  53  8:13  Burrow  
  53  8:14  Overlord  
  53  8:17  Overlord  
  53  8:32  Roach x2  
  53  8:33  Roach x9  
  69  8:43  Glial Reconstitution  
  69  8:48  Overlord  
  68  8:50  Roach  
  68  8:51  Roach  
  72  8:56  Roach x2  
  76  9:03  Overlord x2  
  76  9:07  Drone x3  
  76  9:08  Drone, Extractor  
  79  9:15  Roach  
  81  9:18  Roach  
  81  9:22  Roach  
  81  9:23  Roach x5  
  98  9:31  Roach x3  
  100  9:47  Drone x3  
  105  9:53  Overlord  
  105  9:54  Overlord x2  
Tags
 
Add a new tag
Caveats
  • Supply blocks, unpowered buildings, or Contaminate may cause inaccurate times.
  • Supply counts are checked every 10 seconds.